Map: Blackpink РВ

Players

LiFan

  • Race: Protoss Protoss
  • League: Diamond
  • Spawn Location: 7:00

ARMAGEDDON - Winner!

  • Race: Terran Terran
  • League: Diamond
  • Spawn Location: 1:00

VOD

Have the link to the VOD?

Description

Time

  • Played on: Jan. 16, 2018, 2:50 p.m.
  • Length: 22:52
Show
View Real Time Build Order
Export as new Build Order

LiFan Protoss 

Build Orders: 1 Gate Expand, Blink Stalkers, Zealot Archon 

Get SALT Encoding   

  12  0:01  Probe  
  13  0:13  Probe  
  14  0:18  Pylon  
  14  0:25  Probe  
  15  0:37  Probe  
  15  0:39  Gateway  
  16  0:49  Probe  
  17  0:50  Assimilator  
  17  1:01  Probe  
  18  1:13  Probe  
  19  1:25  Probe, Nexus  
  20  1:35  Cybernetics Core  
  20  1:46  Pylon  
  20  1:49  Assimilator  
  20  1:50  Probe  
  21  2:02  Probe, Warp Gate  
  22  2:09  Stalker (Chrono Boost)  
  22  2:14  Probe  
  25  2:27  Probe  
  26  2:34  Twilight Council  
  26  2:41  Stalker (Chrono Boost), Probe x2  
  30  2:53  Probe x2  
  32  3:05  Pylon, Probe x2  
  33  3:11  Assimilator  
  34  3:13  Assimilator  
  34  3:17  Probe x2  
  36  3:30  Gateway x2, Probe  
  36  3:31  Probe  
  36  3:33  Blink (Chrono Boost)  
  38  3:43  Probe x2  
  40  3:50  Robotics Facility  
  40  3:55  Probe x2  
  42  3:59  Pylon  
  42  4:07  Probe x2  
  44  4:10  Stalker  
  46  4:19  Probe x2  
  46  4:22  Gateway  
  46  4:23  Gateway  
  48  4:32  Probe x2  
  48  4:35  Stalker x2  
  54  4:38  Pylon  
  54  4:45  Observer  
  55  4:50  Stalker  
  57  5:00  Forge  
  57  5:01  Stalker x2  
  57  5:06  Warp Prism  
  63  5:23  Stalker x2  
  63  5:24  Stalker  
  69  5:29  Pylon  
  69  5:31  Pylon  
  69  5:32  Probe  
  69  5:33  Protoss Ground Weapons Level 1 (Chrono Boost)  
  70  5:38  Pylon  
  70  5:47  Probe  
  71  5:54  Immortal (Chrono Boost)  
  75  5:59  Nexus  
  75  6:06  Charge  
  75  6:09  Probe x2  
  75  6:11  Templar Archives  
  77  6:23  Probe x2  
  77  6:25  Sentry x2  
  82  6:26  Observer (Chrono Boost)  
  83  6:41  Stalker  
  83  6:42  Immortal (Chrono Boost), Stalker x2  
  83  6:43  Pylon  
  93  6:48  Probe  
  94  7:01  Pylon, Probe  
  95  7:04  Pylon  
  95  7:06  Pylon x2  
  95  7:07  Pylon, Sentry x3  
  101  7:16  High Templar x2  
  101  7:21  Archon  
  105  7:27  Protoss Ground Weapons Level 2 (Chrono Boost)  
  105  7:28  Probe  
  105  7:29  Probe x2  
  108  7:33  Zealot x3  
  114  7:40  Assimilator  
  114  7:41  Probe x2  
  114  7:43  Assimilator  
  116  7:57  Zealot x5  
  126  8:04  Probe x3  
  129  8:12  Gateway x2  
  129  8:16  Gateway  
  129  8:20  Zealot x4  
  129  8:21  Immortal (Chrono Boost), Zealot  
  143  8:30  Probe x3  
  146  8:42  Robotics Bay  
  146  8:53  Observer  
  146  8:55  Nexus  
  147  8:56  Pylon  
  147  9:03  High Templar x3  
  147  9:04  High Templar  
  147  9:07  Archon  
  147  9:08  Archon  
  155  9:15  Probe x3  
  158  9:17  Zealot x3  
  164  9:29  Pylon, Photon Cannon  
  164  9:30  Gateway  
  164  9:31  Gateway  
  164  9:37  Pylon  
  164  9:38  Protoss Ground Weapons Level 3 (Chrono Boost)  
  164  9:39  Observer Gravitic Boosters (Chrono Boost)  
  164  9:47  Pylon  
  164  9:50  Pylon  
  164  9:51  High Templar x4  
  172  9:55  Archon x2  
  172  10:13  Observer  
  173  10:34  Stargate x2  
  173  10:37  Stargate  
  173  10:52  Zealot  
  173  10:53  Zealot x5  
  173  10:54  Zealot x2  
  140  11:31  Void Ray x2 (Chrono Boost)  
  118  11:38  Fleet Beacon  
  130  11:42  Void Ray (Chrono Boost)  
  130  12:03  Void Ray x2 (Chrono Boost)  
  130  12:06  Assimilator  
  130  12:07  Assimilator  
  130  12:08  Protoss Air Weapons Level 1 (Chrono Boost)  
  130  12:10  Pylon  
  130  12:12  Carrier (Chrono Boost)  
  130  12:13  Protoss Ground Armor Level 1  
  138  12:20  Graviton Catapult (Chrono Boost)  
  138  12:21  Warp Prism  
  146  12:43  Photon Cannon x2  
  146  12:44  Void Ray x2 (Chrono Boost)  
  146  12:46  Pylon  
  146  12:47  Pylon, Photon Cannon x2  
  153  12:51  Nexus  
  153  12:52  Pylon  
  153  12:58  Observer  
  154  13:05  Photon Cannon  
  154  13:06  Photon Cannon  
  154  13:14  Carrier (Chrono Boost), Photon Cannon  
  154  13:16  Photon Cannon  
  166  13:20  Photon Cannon  
  166  13:21  Stargate  
  166  13:22  Carrier (Chrono Boost)  
  166  13:24  Stargate  
  172  13:27  Carrier (Chrono Boost)  
  172  13:38  Observer  
  172  13:57  Photon Cannon  
  172  13:58  Photon Cannon  
  172  14:00  Photon Cannon  
  172  14:03  Zealot x3  
  172  14:04  Pylon, Zealot x4  
  198  14:17  Carrier x2 (Chrono Boost)  
  198  14:32  Zealot  
  200  14:45  Protoss Ground Armor Level 2  
  200  14:48  Protoss Air Weapons Level 2  
  142  15:23  Zealot x4  
  142  15:24  Carrier x3 (Chrono Boost), Zealot x5  
  159  15:34  Carrier (Chrono Boost)  
  135  15:44  Carrier (Chrono Boost)  
  130  15:58  Assimilator  
  130  16:00  Assimilator  
  130  16:03  Zealot x3  
  136  16:05  Zealot x3  
  136  16:06  Zealot x2  
  125  16:30  Zealot x4  
  125  16:31  Zealot  
  124  16:55  Zealot x5  
  118  17:25  Zealot x4  
  92  17:46  Zealot x5  
Show
View Real Time Build Order
Export as new Build Order

ARMAGEDDON Terran - Winner!

Build Orders: Reaper Expand, Mech 

Get SALT Encoding   

  12  0:00  SCV  
  13  0:13  SCV  
  14  0:18  Supply Depot  
  14  0:25  SCV  
  15  0:31  Refinery  
  15  0:41  Barracks  
  15  0:44  SCV  
  16  0:57  SCV  
  17  1:09  SCV  
  18  1:21  SCV  
  19  1:28  Reaper  
  20  1:33  Orbital Command  
  20  1:47  Command Center  
  20  1:59  SCV  
  21  2:07  Factory  
  21  2:11  SCV  
  21  2:13  Barracks Reactor  
  22  2:22  Supply Depot  
  22  2:23  SCV  
  22  2:24  Refinery  
  23  2:43  SCV  
  24  2:55  SCV  
  25  3:00  Barracks Tech Lab  
  25  3:01  Cyclone  
  25  3:03  Hellion  
  25  3:04  Orbital Command  
  30  3:08  SCV  
  31  3:20  Supply Depot, SCV  
  31  3:25  Cyclone  
  35  3:39  SCV  
  36  3:41  Cyclone  
  39  3:49  SCV  
  39  3:50  Command Center  
  39  3:51  SCV  
  41  3:58  Cyclone  
  41  4:01  SCV  
  45  4:03  SCV  
  46  4:13  Factory, SCV  
  46  4:15  SCV  
  48  4:18  Engineering Bay  
  48  4:25  SCV  
  48  4:26  Cyclone  
  48  4:27  SCV  
  53  4:37  SCV  
  54  4:40  Supply Depot  
  54  4:45  Supply Depot, Refinery  
  54  4:48  Refinery  
  54  4:56  Missile Turret  
  54  5:00  Missile Turret  
  54  5:01  SCV x2  
  54  5:02  Siege Tank, Hellion  
  61  5:09  Orbital Command  
  61  5:13  Supply Depot  
  61  5:14  SCV  
  62  5:19  SCV  
  63  5:26  SCV  
  64  5:29  Factory  
  64  5:33  SCV  
  64  5:34  Siege Tank  
  68  5:36  SCV  
  68  5:38  SCV  
  70  5:45  SCV, Widow Mine x2  
  70  5:48  Supply Depot  
  75  6:02  SCV x2  
  77  6:15  Orbital Command  
  77  6:26  Siege Tank  
  77  6:27  Factory Tech Lab  
  77  6:29  Hellion x2  
  84  6:36  SCV x2  
  86  6:41  SCV  
  87  6:48  SCV  
  87  6:49  SCV  
  87  6:52  Siege Tank  
  87  6:53  SCV  
  97  6:54  Hellion x2  
  97  6:58  Armory, Siege Tank  
  97  7:00  Armory, SCV  
  101  7:07  Missile Turret  
  101  7:13  Missile Turret  
  101  7:14  Missile Turret  
  101  7:17  Hi-Sec Auto Tracking  
  101  7:19  Supply Depot  
  101  7:21  Supply Depot  
  101  7:25  Refinery  
  101  7:29  Refinery  
  101  7:31  Missile Turret  
  101  7:40  SCV x2, Siege Tank x2  
  101  7:43  SCV, Sensor Tower  
  110  7:47  Missile Turret  
  110  7:48  Missile Turret  
  110  7:51  Supply Depot  
  110  7:52  Terran Vehicle And Ship Armor Level 1, SCV x2  
  110  7:53  Supply Depot, Terran Vehicle Weapons Level 1  
  110  7:55  SCV  
  113  8:05  SCV x2  
  115  8:07  SCV  
  115  8:08  Factory  
  115  8:09  Supply Depot  
  115  8:11  Factory  
  116  8:15  Missile Turret  
  116  8:16  Supply Depot  
  116  8:17  SCV  
  117  8:28  Ghost Academy  
  117  8:31  Supply Depot  
  117  8:36  Supply Depot, SCV x2  
  117  8:39  Supply Depot  
  119  8:44  Siege Tank  
  119  8:45  Infernal Pre-Igniter, Siege Tank, Hellion  
  119  8:46  Hellion  
  119  8:48  Smart Servos  
  129  8:53  Factory Tech Lab  
  129  8:55  Factory Tech Lab  
  129  9:06  Command Center  
  129  9:07  Command Center  
  129  9:12  Hellbat x2  
  129  9:13  Siege Tank  
  129  9:14  Siege Tank  
  129  9:16  Siege Tank  
  142  9:26  Siege Tank  
  147  9:38  Hellbat  
  150  9:45  Siege Tank  
  150  9:46  Thor  
  150  9:48  Thor  
  162  9:54  Terran Vehicle Weapons Level 2  
  162  9:57  Terran Vehicle And Ship Armor Level 2  
  162  10:19  Barracks Tech Lab  
  162  10:25  Command Center  
  162  10:33  Thor x2  
  174  10:37  Ghost  
  126  11:40  Thor x3  
  126  11:41  Ghost  
  146  11:52  SCV x2  
  148  12:08  Refinery x2, Sensor Tower  
  148  12:09  Ghost  
  148  12:10  Missile Turret, Command Center  
  148  12:11  Missile Turret  
  150  12:20  Missile Turret  
  150  12:21  Planetary Fortress  
  150  12:27  Sensor Tower  
  150  12:28  Refinery  
  150  12:29  Missile Turret, Planetary Fortress  
  150  12:31  Supply Depot, Missile Turret, Refinery, Command Center  
  150  12:33  Supply Depot  
  150  12:35  Missile Turret, Terran Vehicle Weapons Level 3  
  150  12:38  Ghost  
  150  12:40  Terran Vehicle And Ship Armor Level 3  
  152  12:53  Missile Turret, Thor  
  152  12:54  Hellbat x2  
  152  12:55  Hellbat x3  
  168  13:16  Hellbat x5  
  178  13:35  Thor  
  178  13:37  Thor x2, Hellbat x2  
  200  13:45  Starport  
  178  15:24  Ghost  
  163  15:47  Thor x4, Hellbat  
  163  15:48  Hellbat  
  191  15:52  Ghost  
  183  16:21  Ghost  
  185  16:29  Thor  
  189  16:34  Cyclone x3  
  192  16:49  Ghost  
  183  17:06  Cyclone x5  
  156  17:48  Cyclone x5  
  156  17:49  Cyclone  
  174  18:20  Cyclone, Hellion  
  174  18:21  Hellion x4  
  174  18:41  Thor  
  174  18:42  Hellion  
  174  18:46  Thor  
  174  18:47  Thor  
  174  18:48  Thor  
  174  18:49  Thor x2  
  174  18:52  Hellbat  
  174  18:57  Command Center  
  174  18:58  Command Center  
  174  18:59  Command Center  
  174  19:03  Hellbat  
  174  19:04  Planetary Fortress  
  174  19:05  Command Center x2  
  174  19:09  Missile Turret  
  174  19:13  Missile Turret  
  174  19:32  Missile Turret  
  174  19:33  Missile Turret x2  
  174  19:34  Missile Turret  
  174  19:39  Missile Turret, Refinery  
  174  19:54  Refinery  
  174  20:13  Planetary Fortress  
  174  20:21  Orbital Command  
  174  20:25  Orbital Command  
  174  20:28  Missile Turret  
  174  20:29  Missile Turret, Orbital Command  
  174  20:30  Orbital Command  
  174  20:31  Refinery, Planetary Fortress, Orbital Command  
  174  20:34  Refinery  
  174  20:41  Starport Reactor  
  174  20:44  Terran Ship Weapons Level 1  
  174  20:50  Missile Turret  
  174  20:51  Missile Turret  
  174  20:53  Starport  
  174  20:54  Starport  
  174  20:57  Missile Turret  
  174  21:15  Starport  
  174  21:16  Fusion Core  
  174  21:56  Sensor Tower  
  174  22:19  Sensor Tower  
  174  22:29  Command Center  
Tags
 
Add a new tag
Caveats
  • Supply blocks, unpowered buildings, or Contaminate may cause inaccurate times.
  • Supply counts are checked every 10 seconds.